 Dungeon Crawl Stone Soup version 0.29.1-15-g9cfb28693d (webtiles) character file.

Game seed: 17742406356148286427

65 safid the Chiller (level 4, 0/33 HPs)
             Began as a Merfolk Ice Elementalist on Mar 28, 2023.
             Slain by a kobold
             ... wielding a +0 short sword
              (2 damage)
             ... on level 3 of the Dungeon.
             The game lasted 00:03:39 (2101 turns).

safid the Chiller (Merfolk Ice Elementalist)        Turns: 2101, Time: 00:03:40

Health: 0/33       AC:  2    Str:  8    XL:     4   Next: 13%
Magic:  0/8        EV: 12    Int: 16    God:
Gold:   213        SH:  0    Dex: 14    Spells: 7/8 levels left

rFire   . . .      SeeInvis .   d - +0 mace
rCold   . . .      Faith    .   (no shield)
rNeg    . . .      Spirit   .   a - +0 robe
rPois   .          Reflect  .   (no helmet)
rElec   .          Harm     .   (no cloak)
rCorr   .          Rampage  .   (no gloves)
Will    .....                   (no boots)
Stlth   ++........              (no amulet)
HPRegen 0.11/turn               (no ring)
MPRegen 0.11/turn               (no ring)

@: no status effects
A: (nimble swimmer 2), mertail
a: no special abilities


You were on level 3 of the Dungeon.
You visited 1 branch of the dungeon, and saw 3 of its levels.

You collected 213 gold pieces.

Inventory:

Hand Weapons
 d - a +0 mace (weapon)
Armour
 a - a +0 robe (worn)
Wands
 l - a wand of digging (5)
Scrolls
 c - 2 scrolls of identify {unknown}
 e - a scroll of blinking {unknown}
 f - a scroll of butterflies {unknown}
 j - a scroll of vulnerability {unknown}
 k - a scroll of fear {unknown}
Potions
 b - a potion of magic
 g - a potion of berserk rage {unknown}
 h - a potion of mutation {unknown}
 i - 3 potions of heal wounds {unknown}
 m - 2 potions of ambrosia {unknown}


   Skills:
 + Level 2.1 Fighting
 - Level 2.6 Dodging
 - Level 2.1 Stealth
 + Level 2.8 Spellcasting
 + Level 5.0 Ice Magic


You had 7 spell levels left.
You knew the following spells:

 Your Spells              Type           Power      Damage    Failure   Level
a - Freeze                Ice            72%        1d9       2%          1

Your spell library contained the following spells:

 Spells                   Type           Power      Damage    Failure   Level
 Frozen Ramparts          Ice            36%        1d6       7%          3
 Ozocubu's Armour         Ice            18%        N/A       7%          3
 Stone Arrow              Conj/Erth      4%         3d7       50%         3
 Hailstorm                Conj/Ice       10%        3d5       56%         4
 Animate Armour           Summ/Erth      4%         N/A       88%         4
 Lehudib's Crystal Spear  Conj/Erth      1%         10d2      100%        8


Dungeon Overview and Level Annotations

Branches:
Dungeon (3/15)

Altars:
Cheibriados
Wu Jian

Annotations:
D:2 Sigmund


Innate Abilities, Weirdness & Mutations

((You are very nimble when in or above water. (Stealth+, EV+, Speed+++)))
Your lower body shifts to a powerful aquatic tail in water.


Message History

Casting: Freeze (safe; 2% risk of failure)
Confirm with . or Enter, or press ? or * to list all spells.
Aiming: Freeze (safe; 2% risk of failure)
Press: ? - help, Shift-Dir - straight line, f/p - adder
Aim: an adder (almost dead)
You freeze the adder.
The adder is almost dead.
The adder barely misses you. The orc completely misses you.
The adder bites you.
* * * LOW HITPOINT WARNING * * *
Casting: Freeze (safe; 2% risk of failure)
Confirm with . or Enter, or press ? or * to list all spells.
Aiming: Freeze (safe; 2% risk of failure)
Press: ? - help, Shift-Dir - straight line, f/p - adder
Aim: an adder (almost dead)
You freeze the adder.
You kill the adder!
The orc misses you.
Your Fighting skill increases to level 2!
You have reached level 4!
Casting: Freeze (safe; 2% risk of failure)
Confirm with . or Enter, or press ? or * to list all spells.
Aiming: Freeze (safe; 2% risk of failure)
Press: ? - help, Shift-Dir - straight line, f - orc
Aim: an orc, wielding a +0 club and wearing a +0 leather armour You freeze the orc.
The orc is almost dead.
The orc closely misses you. x2
Unknown command.
You hit the orc.
You kill the orc!
The orc misses you.
You closely miss the kobold. The kobold barely misses you. The orc misses you.
The kobold closely misses you.
The orc hits you from afar with a +0 trident.
* * * LOW HITPOINT WARNING * * *
Your magical contamination has completely faded away.
The kobold attacks as you move away!
The kobold hits you with a +0 short sword.
You die...

.. .. # .# .#
###.##.# ......#.#
#)......#
#.o......
#K####### #@#
######### #.#
........########.#
#######..........#
############


You could see an orc and a kobold.

Vanquished Creatures
  2 adders
  A dart slug (D:1)
  4 orcs (D:3)
  5 ball pythons
  5 bats (D:1)
  6 endoplasms
  A giant cockroach (D:1)
  4 goblins
  4 hobgoblins
  3 kobolds
  2 frilled lizards (D:2)
  2 rats
39 creatures vanquished.

Notes
Turn   | Place    | Note
-------+----------+-------------------------------------------
     0 | D:1      | safid the Merfolk Ice Elementalist began the quest for the
                  | Orb.
     0 | D:1      | Reached XP level 1. HP: 13/13 MP: 3/3
   280 | D:1      | Reached XP level 2. HP: 16/20 MP: 5/5
   446 | D:1      | Reached skill level 1 in Fighting
   708 | D:1      | Reached XP level 3. HP: 9/26 MP: 0/6
  1784 | D:2      | Noticed Sigmund
  1796 | D:3      | Found a snail-covered altar of Cheibriados.
  1798 | D:3      | Found an ornate altar of the Wu Jian Council.
  2094 | D:3      | Reached skill level 5 in Ice Magic
  2098 | D:3      | Reached XP level 4. HP: 5/33 MP: 1/8
  2101 | D:3      | Slain by a kobold

Illustrated notes

Levels and vault maps discovered:
D:1:      dpeg_arrival_round_b, layout_basic, minivault_19
D:2:      layout_basic, shapermc_ecumenical_altar_ellora, kennysheep_cross_room,
          uniq_sigmund
D:3:      layout_loops_ring, amcnicky_altar_gilded, nzn_wu_jian_council_hall,
          st_stairs_13, kennysheep_generic_room_8

Skill      XL: |  1  2  3 |
---------------+----------+-----
Fighting       | 1 2 |  2.1
Ice Magic      | 5 |  5.0
Dodging        | |  2.6
Stealth        | |  2.1
Spellcasting   | |  2.8

Action                   |  1- 3 |  4- 6 || total
-------------------------+-------+-------++-------
Melee: Mace              |    33 |     2 ||    35
 Cast: Freeze            |    41 |     1 ||    42
 Stab: Sleeping          |     4 |       ||     4
Armor: Robe              |    17 |       ||    17
Dodge: Dodged            |    46 |     6 ||    52
